 Dungeon Crawl Stone Soup version 0.19.1 (webtiles) character file.

9798 RaHiT the Destroyer (level 11, -5/68 HPs)
             Began as a Mummy Conjurer on Dec 25, 2016.
             Was a Priest of Vehumet.
             Slain by an orc warrior
             ... wielding a +0 dire flail
              (20 damage)
             ... on level 9 of the Dungeon.
             The game lasted 01:19:53 (14147 turns).

RaHiT the Destroyer (Mummy Conjurer)               Turns: 14147, Time: 01:19:54

Health: -5/68      AC: 11    Str: 13    XL:     11   Next: 27%
Magic:  5/25       EV: 12    Int: 17    God:    Vehumet [***...]
Gold:   549        SH:  5    Dex: 16    Spells: 6 memorised, 13 levels left

rFire  . . .     SeeInvis .     d - +1 short sword (elec)
rCold  . . .     Gourm    .     B - +2 robe of Ylut {Str+2 Dex+2}
rNeg   + + +     Faith    .     z - +0 buckler
rPois  ∞         Spirit   .     e - +1 helmet
rElec  .         Reflect  .     I - +0 cloak
rCorr  .         Harm     .     (no gloves)
MR     +....                    (no boots)
Stlth  ++........               (no amulet)
                                c - ring of fire
                                m - +4 ring of protection

@: very slightly contaminated
A: no food or potions, fire vulnerability, cold resistance 1, negative energy
resistance 3, torment resistance, unbreathing
a: Renounce Religion


You were on level 9 of the Dungeon.
You worshipped Vehumet.
Vehumet was most pleased with you.
You were not hungry.

You visited 2 branches of the dungeon, and saw 10 of its levels.

You collected 549 gold pieces.

Inventory:

Hand Weapons
 a - a +0 dagger of venom
 d - a +1 short sword of electrocution (weapon)
 j - a +2 whip of draining
 q - a +2 whip of electrocution
 y - a cursed -3 short sword
 A - a +7 hand axe
 C - a cursed +1 hand axe
 E - a cursed +2 dagger
 H - a +2 dagger of speed
 L - a +4 shortbow
 M - a +2 dagger of venom
 O - a +2 mace of crushing
 Q - a +4 short sword
Missiles
 g - 153 arrows
 l - 56 sling bullets
 s - 16 poisoned needles
 F - 7 poisoned tomahawks (quivered)
Armour
 e - a +1 helmet (worn)
 z - a +0 buckler (worn)
 B - the +2 robe of Ylut (worn) {Str+2 Dex+2}
   (You found it on level 7 of the Dungeon)

   It affects your strength (+2).
   It affects your dexterity (+2).
 I - a +0 cloak (worn)
Jewellery
 c - a ring of fire (right hand)
 m - a +4 ring of protection (left hand)
Wands
 r - a wand of iceblast (9/15)
 u - a wand of random effects (2/48)
 x - a wand of flame (1/48)
 G - a wand of flame (14/48)
 K - a wand of disintegration (15/24)
 N - a wand of confusion (33/48)
Scrolls
 f - 2 scrolls of recharging
 h - 6 scrolls of remove curse
 i - 2 scrolls of teleportation
 k - a scroll of magic mapping
 n - 2 scrolls of amnesia
 o - 2 scrolls of immolation
 p - 2 scrolls of blinking
 t - 2 scrolls of enchant armour
 D - 2 scrolls of identify
 P - a scroll of silence
Books
 b - a book of Conjurations

   Spells                             Type                      Level
   a - Magic Dart                     Conjuration                  1
   b - Searing Ray                    Conjuration                  2
   c - Dazzling Spray                 Conjuration/Hexes            3
   d - Fulminant Prism                Conjuration/Hexes            4
   e - Iskenderun's Mystic Blast      Conjuration                  4
   f - Iskenderun's Battlesphere      Conjuration/Charms           5
 v - Sipn's Catalogue of the Toxic Escort
   (You found it on level 5 of the Dungeon)

   Spells                             Type                      Level
   a - Venom Bolt                     Conjuration/Poison           5
   b - Shadow Creatures               Summoning                    6
   c - Summon Hydra                   Summoning                    7
 w - a book of Geomancy

   Spells                             Type                      Level
   a - Sandblast                      Earth                        1
   b - Passwall                       Transmutation/Earth          2
   c - Stone Arrow                    Conjuration/Earth            3
   d - Petrify                        Transmutation/Earth          4
   e - Lee's Rapid Deconstruction     Earth                        5
 J - a book of Burglary

   Spells                             Type                      Level
   a - Swiftness                      Charms/Air                   2
   b - Passwall                       Transmutation/Earth          2
   c - Passage of Golubria            Translocation                4
   d - Lee's Rapid Deconstruction     Earth                        5
   e - Darkness                       Hexes                        6
   f - Invisibility                   Hexes                        6


   Skills:
 - Level 1.5 Dodging
 - Level 1.5 Stealth
 - Level 5.0 Shields
 - Level 10.0 Spellcasting
 - Level 10.1 Conjurations
 * Level 5.0 Evocations


You had 13 spell levels left.
You knew the following spells:

 Your Spells              Type           Power        Failure   Level  Hunger
a - Magic Dart            Conj           ####         1%          1    N/A
b - Dazzling Spray        Conj/Hex       ####..       1%          3    N/A
c - Iskenderun's Mystic   Conj           #####...     1%          4    N/A
d - Iskenderun's Battles  Conj/Chrm      ####....     9%          5    N/A
e - Swiftness             Chrm/Air       #.......     14%         2    N/A
q - Searing Ray           Conj           #####.       1%          2    N/A

Dungeon Overview and Level Annotations

Branches:
Dungeon (9/15)             Temple (1/1) D:4            Lair (0/6) D:9
    Orc (0/2) D:9

Altars:
Ashenzari
Cheibriados
Dithmenos
Elyvilon
Fedhas
Gozag
Hepliaklqana
Kikubaaqudgha
Makhleb
Nemelex Xobeh
Okawaru
Qazlal
Ru
Sif Muna
Trog
Uskayaw
Vehumet
Xom
Yredelemnul
Zin
The Shining One
Beogh


Innate Abilities, Weirdness & Mutations

You do not eat or drink.
Your flesh is vulnerable to fire.
You are immune to poison.
Your flesh is cold resistant. (rC+)
You are immune to negative energy. (rN+++)
You are immune to unholy pain and torment.
You can survive without breathing.


Message History

You closely miss the orc warrior.
The orc warrior is almost dead.
The orc warrior hits you with a dire flail.
You barely miss the orc warrior.
The orc warrior is almost dead.
The orc warrior hits you with a dire flail!
* * * LOW HITPOINT WARNING * * *
Casting: Iskenderun's Mystic Blast
Confirm with . or Enter, or press ? or * to list all spells.
You miscast Swiftness.
You are very lightly contaminated with residual magic.
Sparks of electricity dance between your hands.
The orc warrior barely misses you.
Press: ? - help, v - describe, . - travel
Here: an orc warrior, wielding a dire flail and wearing a plate armour (almost dead)
The floor.
Unknown command.
There is an escape hatch in the ceiling here.
The orc warrior hits you with a dire flail!!
You die...

#...##.##.............#.#
#.#
##.###.#................#
#.# # #.#
#>.........))###.### #..
###.#
#..........#<##...#######..
....#
###..#####.#)##............
#####
#..#####.#))%.....##..... #
#........................ #
##.#######........##.#... #
#......@o......####.#.#. #
#######[...#.<.# #.#.## #
#....##### #.#.## #########
#.##.# #.#.##
.....)^.########.##.#
#.#...
#######..........##.#
#.#### #############.# #.#
#.########.# #..........#


You could see an orc warrior.

Vanquished Creatures
  A deep elf mage (D:8)
  A cyclops (D:8)
  Maurice (D:8)
  Psyche (D:8)
  A kobold demonologist (D:9)
  Prince Ribbit (D:5)
  A two-headed ogre (D:9)
  A hippogriff (D:8)
  A hornet (D:8)
  Sigmund (D:6)
  Eustachio (D:6)
  9 yaks (D:9)
  2 wyverns (D:8)
  A hungry ghost (D:9)
  2 soldier ants (D:8)
  2 orc warriors (D:9)
  A sky beast (D:9)
  2 ice beasts
  A black bear (D:9)
  2 phantoms
  A necrophage (D:8)
  2 ogres
  4 centaurs
  The ghost of asegelite the Sneak, an amateur OpMo (D:4)
  13 big kobolds (D:9)
  7 bullfrogs
  A wyvern skeleton (D:6)
  7 scorpions
  3 wights (D:7)
  A howler monkey (D:9)
  6 electric eels (D:5)
  5 crimson imps
  A bullfrog zombie (D:8)
  2 jellies
  5 hounds
  7 orc priests
  2 iguanas
  Terence (D:2)
  11 orc wizards
  9 worker ants
  Natasha (thrice) (D:3)
  A hound zombie (D:6)
  A hound skeleton (D:5)
  3 gnolls (D:7)
  11 adders
  2 shadow imps
  2 oozes
  2 adder zombies
  4 worms
  2 dart slugs (D:1)
  3 leopard geckos
  43 orcs
  A ball python (D:7)
  7 bats
  5 giant cockroaches
  7 goblins
  6 hobgoblins
  2 jackals (D:6)
  13 kobolds
  4 quokkas
  2 frilled lizards
  A leopard gecko skeleton (D:6)
  2 quokka skeletons
  10 rats
259 creatures vanquished.

Vanquished Creatures (others)
  A quokka (D:9)
  3 plants (D:5)
4 creatures vanquished.

Grand Total: 263 creatures vanquished

Notes
Turn   | Place    | Note
-------+----------+-------------------------------------------
     0 | D:1      | RaHiT the Mummy Conjurer began the quest for the Orb.
     0 | D:1      | Reached XP level 1. HP: 13/13 MP: 3/3
   161 | D:1      | Reached XP level 2. HP: 19/19 MP: 0/5
   165 | D:1      | Learned a level 2 spell: Searing Ray
   719 | D:1      | Reached XP level 3. HP: 24/24 MP: 1/7
   837 | D:2      | Noticed Terence
   876 | D:2      | Found a hide-covered altar of Uskayaw.
  1501 | D:2      | Reached XP level 4. HP: 25/30 MP: 3/10
  1507 | D:2      | Learned a level 3 spell: Dazzling Spray
  1656 | D:3      | Found a sacrificial altar of Ru.
  1851 | D:3      | Reached XP level 5. HP: 35/35 MP: 8/12
  1990 | D:3      | Noticed Natasha
  2001 | D:3      | Killed Natasha
  2001 | D:3      | Reached skill level 5 in Spellcasting
  2086 | D:3      | Noticed Natasha
  2107 | D:3      | Killed Natasha
  2175 | D:3      | Noticed Natasha
  2193 | D:3      | Killed Natasha
  2505 | D:4      | Found an ancient bone altar of Kikubaaqudgha.
  2620 | D:4      | Noticed asegelite's ghost (amateur OpMo)
  2649 | D:4      | Killed asegelite's ghost
  2649 | D:4      | Reached XP level 6. HP: 41/41 MP: 0/13
  2984 | D:4      | Learned a level 4 spell: Iskenderun's Mystic Blast
  2990 | D:4      | Learned a level 5 spell: Iskenderun's Battlesphere
  3135 | D:4      | Found a hazy altar of Hepliaklqana.
  3175 | D:4      | Reached skill level 5 in Conjurations
  3343 | D:4      | Found a staircase to the Ecumenical Temple.
  3352 | Temple   | Entered the Ecumenical Temple
  3783 | D:5      | Entered Level 5 of the Dungeon
  3792 | D:5      | Noticed an ice beast
  3920 | D:4      | Reached XP level 7. HP: 35/46 MP: 3/15
  4404 | D:5      | Noticed Prince Ribbit
  4803 | D:5      | Identified Sipn's Catalogue of the Toxic Escort
  5974 | D:6      | Reached XP level 8. HP: 46/52 MP: 11/18
  6064 | D:6      | Found an opulent altar of Gozag.
  6065 | D:6      | Found a shimmering altar of Xom.
  6586 | D:6      | Noticed Eustachio
  6630 | D:6      | Killed Eustachio
  7346 | D:6      | Noticed Sigmund
  7429 | D:6      | Killed Sigmund
  7575 | D:7      | Got a transparent robe
  7596 | D:7      | Identified the +2 robe of Ylut {Str+2 Dex+2} (You found it on level 7 of the Dungeon)
  7628 | D:7      | Found a radiant altar of Vehumet.
  7636 | D:7      | Became a worshipper of Vehumet
  7760 | D:7      | Reached XP level 9. HP: 48/57 MP: 17/21
  8231 | D:7      | Found a burning altar of Makhleb.
  9081 | D:2      | Killed Terence
  9266 | D:5      | Learned a level 2 spell: Swiftness
  9320 | D:5      | Killed Prince Ribbit
 10361 | D:5      | Reached skill level 10 in Spellcasting
 10581 | D:8      | Noticed Psyche
 10585 | D:8      | Killed Psyche
 10937 | D:8      | Found a large runed door.
 10938 | D:8      | Noticed a deep elf mage
 11006 | D:8      | Reached * piety under Vehumet
 11006 | D:8      | Offered knowledge of Flame Tongue by Vehumet.
 11213 | D:8      | Reached XP level 10. HP: 63/63 MP: 18/24
 11234 | D:8      | Noticed Maurice
 11381 | D:8      | Killed Maurice
 11715 | D:8      | Killed a deep elf mage
 11827 | D:8      | Found a large runed door.
 11975 | D:8      | Reached skill level 10 in Conjurations
 12122 | D:8      | Found an ancient bone altar of Kikubaaqudgha.
 12122 | D:8      | Noticed a cyclops
 12166 | D:8      | Killed a cyclops
 12262 | D:8      | Found a stormy altar of Qazlal.
 12262 | D:8      | Noticed a yaktaur captain
 12521 | D:9      | Found a staircase to the Lair.
 12899 | D:9      | Reached skill level 5 in Shields
 12934 | D:9      | Reached skill level 1 in Evocations
 12959 | D:9      | Found a staircase to the Orcish Mines.
 13000 | D:9      | Reached XP level 11. HP: 64/68 MP: 12/25
 13024 | D:9      | Offered knowledge of Throw Flame by Vehumet.
 13060 | D:9      | Reached ** piety under Vehumet
 13762 | D:9      | Offered knowledge of Static Discharge by Vehumet.
 13891 | D:9      | Found a roughly hewn altar of Beogh.
 14104 | D:9      | Reached *** piety under Vehumet
 14104 | D:9      | Reached skill level 5 in Evocations
 14147 | D:9      | Slain by an orc warrior

Skill      XL: |  1  2  3  4  5  6  7  8  9 10 11 |
---------------+----------------------------------+-----
Spellcasting   | 3 4 5 7 8 10 | 10.0
Conjurations   | 4 5 7 8 10 | 10.1
Shields        | 5 |  5.0
Evocations     | 2 5 |  5.0
Dodging        | |  1.5
Stealth        | |  1.5

Action                   |  1- 3 |  4- 6 |  7- 9 | 10-12 || total
-------------------------+-------+-------+-------+-------++-------
Melee: Unarmed           |     8 |       |       |       ||     8
       Short sword       |    48 |    52 |   111 |    93 ||   304
 Cast: Magic Dart        |    49 |    32 |    94 |    48 ||   223
       Searing Ray       |     6 |    21 |    52 |    50 ||   129
       Dazzling Spray    |       |     1 |     3 |       ||     4
       Iskenderun's Myst |       |       |    49 |    36 ||    85
Evoke: Wand              |       |       |    11 |       ||    11
  Use: Scroll            |       |     1 |    11 |     2 ||    14
 Stab: Sleeping          |       |     1 |     1 |     1 ||     3
Armor: Robe              |    16 |    24 |    76 |    66 ||   182
Dodge: Dodged            |    26 |    41 |   144 |    84 ||   295
Block: Buckler           |       |       |       |    26 ||    26
